AoeStats
← IN.JOK

Arabia

503591719Analyzed
4v4 RM · 1mo ago on Sep 1, 2026· 24m 51s· 8 players
Game mode
Random Map
Map size
Large (8 player)
Population
200
Speed
Normal
Resources
Standard
Victory
Conquest
Starting age
Dark Age
Ending age
Imperial Age
RankedLock teamsTeams togetherTeam positionsShared explorationLock speedFull tech treeHidden civsTurbo modeCheats
Victory
Defeat
🇨🇳 Italians · China
1593
+9
🇨🇳 Magyars · China
1566
+10
🇯🇵 Poles · Japan
1513
+13
🇨🇳 Ethiopians · China
1459
+15
🇭🇰 Inca · Hong Kong SAR China
1471
-13
🇻🇳 Ethiopians · Vietnam
1455
-13
🇮🇳 Georgians · India
1451
-12
🇻🇳 Hindustanis · Vietnam
1389
-10
NoobSlayer26202
6:14 Loom
8:59 Feudal Age
11:02 Double-Bit Axe
18:30 Forging
19:12 Scale Barding Armor
20:47 Bloodlines
piecardinap
7:32 Loom
10:34 Feudal Age
11:16 Double-Bit Axe
12:26 Horse Collar
14:49 Scale Barding Armor
16:00 Forging
23:10 Castle Age
mryendl2410
7:32 Loom
9:47 Feudal Age
19:48 Fletching
20:26 Padded Archer Armor
21:13 Double-Bit Axe
21:13 Horse Collar
白纸o
6:19 Loom
9:03 Feudal Age
20:48 Fletching
21:43 Padded Archer Armor
mmr
5:41 Loom
8:38 Feudal Age
12:07 Fletching
12:37 Double-Bit Axe
16:06 Padded Archer Armor
15:54 Horse Collar
22:40 Castle Age
23:41 Wheelbarrow
23:07 Gold Mining
23:22 Bodkin Arrow
23:39 Bow Saw
23:15 Crossbowman
24:56 Leather Archer Armor
chunfeng
8:47 Feudal Age
9:58 Double-Bit Axe
11:16 Loom
14:40 Horse Collar
19:11 Padded Archer Armor
19:03 Fletching
21:28 Padded Archer Armor
22:32 Wheelbarrow
26:56 Castle Age
IN.JOK
6:23 Loom
8:55 Feudal Age
9:47 Double-Bit Axe
9:53 Horse Collar
18:58 Scale Barding Armor
20:47 Bloodlines
23:29 Castle Age
22:11 Gold Mining
24:17 Wheelbarrow
23:32 Light Cavalry
24:13 Husbandry
24:34 Chain Barding Armor
JIJINz
9:42 Feudal Age
7:58 Loom
10:10 Double-Bit Axe
10:06 Horse Collar
17:19 Scale Barding Armor
19:07 Forging
20:03 Bloodlines
23:47 Castle Age
21:45 Gold Mining
24:08 Light Cavalry
24:48 Husbandry
25:25 Iron Casting
25:15 Chain Barding Armor
25:33 Wheelbarrow
25:17 Heavy Plow
25:29 Bow Saw
Connection lost

Rejoining the realm…

Still unreachable

The connection could not be restored.

Session expired

The server has moved on; the page needs a fresh start.